 Dungeon Crawl Stone Soup version 0.29.0-13-gc9e81de378 (webtiles) character file.

Game seed: 13183655274952851928

1207 Ofeo the Conjurer (level 9, 0/63 HPs)
             Began as a Meteoran Conjurer on Sept 9, 2022.
             Was an Initiate of Vehumet.
             Slain by Erica
             ... wielding a +3 scimitar of flaming
              (4 damage)
             ... on level 8 of the Dungeon.
             The game lasted 00:15:11 (1791 turns).

Ofeo the Conjurer (Meteoran Conjurer)               Turns: 1791, Time: 00:15:11

Health: 0/63       AC:  8    Str:  9    XL:     9   Next: 3%
Magic:  17/28      EV: 14    Int: 24    God:    Vehumet [......]
Gold:   250        SH:  5    Dex: 13    Spells: 14/20 levels left

rFire   . . .      SeeInvis .   e - staff of conjuration
rCold   . . .      Faith    .   (no shield)
rNeg    . . .      Spirit   .   a - +0 robe
rPois   .          Reflect  +   w - +2 helmet
rElec   .          Harm     .   i - +0 cloak
rCorr   .          Rampage  .   (no gloves)
Will    +....                   m - +1 pair of boots
Stlth   +.........              l - amulet of reflection
HPRegen 0.20/turn               c - ring of magical power
MPRegen 0.21/turn               (no ring)

@: attractive, slowed, glowing, very slow
A: sense surroundings 2, otherworldly, glowing, explore regen
a: Renounce Religion


You were on level 8 of the Dungeon.
You worshipped Vehumet.
Vehumet was noncommittal.
You visited 2 branches of the dungeon, and saw 9 of its levels.

You collected 250 gold pieces.

Inventory:

Missiles
 A - a throwing net
Armour
 a - a +0 robe (worn)
 i - a +0 cloak (worn)
 m - a +1 pair of boots (worn)
 n - an orb of guile
 w - a +2 helmet (worn)
 x - a scarf of shadows
Magical Staves
 e - a staff of conjuration (weapon)
Jewellery
 c - a ring of magical power (left hand)
 l - an amulet of reflection (around neck)
 s - an amulet of regeneration
Wands
 v - a wand of iceblast (10) {@v4}
 y - a wand of mindburst (15)
Scrolls
 f - a scroll of blinking {unknown}
 g - a scroll of enchant armour
 j - 2 scrolls of teleportation {@r3}
 p - a scroll of immolation
 t - a scroll of torment {unknown}
Potions
 b - a potion of magic
 h - 2 potions of heal wounds {@q2}
 k - a potion of invisibility {unknown}
 o - a potion of brilliance {unknown}
 r - a potion of ambrosia {unknown}
 u - a potion of berserk rage {unknown}
 z - a potion of lignification {unknown}


   Skills:
 + Level 0.7 Fighting
 + Level 6.3 Dodging
 + Level 4.2 Stealth
 + Level 6.4 Spellcasting
 + Level 7.6 Conjurations


You had 14 spell levels left.
You knew the following spells:

 Your Spells              Type           Power      Damage    Failure   Level
a - Magic Dart            Conj           100%       1d8       1%          1
b - Searing Ray           Conj           100%       2d8       1%          2
c - Dazzling Flash        Conj/Hex       76%        N/A       4%          3

Your spell library contained the following spells:

 Spells                   Type           Power      Damage    Failure   Level
 Sublimation of Blood     Necr           7%         N/A       12%         2
 Fulminant Prism          Conj/Hex       19%        3d11      16%         4
 Iskenderun's Mystic Bla  Conj/Tloc      38%        2d9       16%         4
 Irradiate                Conj/Tmut      19%        3d18      41%         5
 Petrify                  Tmut/Erth      7%         N/A       58%         4


Dungeon Overview and Level Annotations

Branches:
Dungeon (8/15) Zot: 3013   Temple (1/1) D:7 Zot: 577
   Lair: D:8-11

Altars:
Ashenzari
Cheibriados
Dithmenos
Elyvilon
Gozag
Kikubaaqudgha
Makhleb
Nemelex Xobeh
Okawaru
Qazlal
Ru
Trog
Vehumet
Wu Jian
Xom

Annotations:
D:2 1 runed translucent door, Crazy Yiuf
D:6 1 transporter, JohnEldenRing's ghost, novice GnBe
D:8 Erica


Innate Abilities, Weirdness & Mutations

You passively map the area around you.
You are easily found by Zot.
You glow in the dark.
You regain HP and MP as you explore.


Message History

You now have 23/28 mp.
The searing ray hits something!
Something hits you. Something burns you.
You take 8 damage, and have 42/63 hp.
You now have 22/28 mp.
The searing ray hits something.
Something hits you. Something burns you.
You take 3 damage, and have 39/63 hp.
You now have 21/28 mp.
The searing ray hits something!
You finish channelling your searing ray.
Something hits you. Something burns you.
You take 5 damage, and have 34/63 hp.
Casting: Searing Ray (safe; 1% risk of failure)
Confirm with . or Enter, or press ? or * to list all spells.
Aiming: Searing Ray (safe; 1% risk of failure)
Press: ? - help, Shift-Dir - straight line You feel a surge of power! (Press . to maintain the ray.)
You hear some strange, mumbled words.
You feel yourself slow down.
You now have 19/28 mp.
Something completely misses you.
You now have 18/28 mp.
The searing ray hits something.
Something hits you! Something burns you. Something barely misses you.
You take 8 damage, and have 26/63 hp.
You now have 17/28 mp.
The searing ray hits something!
You finish channelling your searing ray.
Something hits you!
* * * LOW HITPOINT WARNING * * *
Something burns you.
* * * LOW HITPOINT WARNING * * *
You take 12 damage, and have 14/63 hp.
You feel much better.
You hear some strange, mumbled words.
A lance of force appears from out of thin air!
The lance of force hits you!!
* * * LOW HITPOINT WARNING * * *
You are knocked back by the lance of force.
You slam into the rock wall!
* * * LOW HITPOINT WARNING * * *
Something hits you.
You die...

,, **,, , ,
, ,, , ,, ,
** *,* , , ,
* , * ##, ,
* ,, , ,. ,
* * , , #. ,
* ,,
,,*#.##.###*
** * ,
,#...{.# ,
,, * #@# ,
,**,* #.# *
, * #.# * *
#.# , , * *
#.# * , ,
#.# , , , *
#.# * *
#.###### *
#......# **


There were no monsters in sight!

Vanquished Creatures
  2 ice beasts
  An ogre (D:6)
  2 centaurs
  A phantom (D:5)
  A kobold brigand (D:7)
  A scorpion (D:5)
  2 howler monkeys
  3 hounds
  An orc priest (D:6)
  2 iguanas (D:6)
  2 orc wizards (D:6)
  Terence (D:3)
  14 gnolls
  4 adders
  A white imp (D:5)
  3 ufetubi (D:5)
  A worm (D:5)
  A dart slug (D:3)
  13 orcs
  3 endoplasms
  4 goblins
  5 hobgoblins
  7 jackals
  8 ball pythons
  4 bats
  3 frilled lizards
  5 kobolds
  2 rats
97 creatures vanquished.

Vanquished Creatures (others)
  A fungus (D:2)
  A plant (D:5)
  5 toadstools (D:2)
7 creatures vanquished.

Grand Total: 104 creatures vanquished

Notes
Turn   | Place    | Note
-------+----------+-------------------------------------------
     0 | D:1      | Ofeo the Meteoran Conjurer began the quest for the Orb.
     0 | D:1      | Reached XP level 1. HP: 14/14 MP: 5/5
    73 | D:1      | Found a faded altar of an unknown god.
   112 | D:1      | Reached XP level 2. HP: 20/20 MP: 6/6
   166 | D:1      | Learned a level 2 spell: Searing Ray
   244 | D:2      | Reached skill level 5 in Conjurations
   244 | D:2      | Reached XP level 3. HP: 26/26 MP: 8/8
   310 | D:2      | Found a runed translucent door.
   311 | D:2      | Noticed Crazy Yiuf
   385 | D:2      | Learned a level 3 spell: Dazzling Flash
   507 | D:2      | Reached XP level 4. HP: 33/33 MP: 10/10
   702 | D:2      | Reached XP level 5. HP: 33/38 MP: 11/11
   735 | D:3      | Noticed Terence
   738 | D:3      | Killed Terence
   833 | D:4      | Found a shimmering altar of Xom.
   859 | D:5      | Entered Level 5 of the Dungeon
   934 | D:4      | Reached XP level 6. HP: 44/45 MP: 13/13
  1163 | D:5      | Reached skill level 6 in Conjurations
  1166 | D:5      | Reached XP level 7. HP: 40/50 MP: 14/14
  1249 | D:6      | Reached skill level 5 in Spellcasting
  1268 | D:6      | Reached skill level 5 in Dodging
  1271 | D:6      | Noticed JohnEldenRing's ghost (novice GnBe)
  1272 | D:6      | Found a transporter.
  1308 | D:6      | Reached XP level 8. HP: 53/57 MP: 16/16
  1351 | D:6      | Reached skill level 7 in Conjurations
  1588 | D:7      | Found a staircase to the Ecumenical Temple.
  1602 | Temple   | Entered the Ecumenical Temple
  1619 | Temple   | Became a worshipper of Vehumet
  1641 | D:7      | Found a bloodstained altar of Trog.
  1746 | D:8      | Found a sparkling altar of Nemelex Xobeh.
  1756 | D:8      | Gained mutation: You passively map the area around you.
                  | [Meteoran growth]
  1756 | D:8      | Reached XP level 9. HP: 52/63 MP: 19/19
  1776 | D:8      | Noticed Erica
  1791 | D:8      | Slain by Erica

Illustrated notes

Levels and vault maps discovered:
D:1:      co_arrival_square_in_a_square_in_a_square, layout_loops_cross,
          ebering_ecumenical_altar_rust
D:2:      layout_basic, grunt_ministairs_6, minmay_gold_behind_fungi,
          uniq_crazy_yiuf_cottage
D:3:      layout_basic, serial_shops, shop, uniq_natasha, uniq_grinder,
          uniq_jessica, uniq_terence
D:4:      layout_gridville, led_xom_imps
D:5:      layout_layer_cave, serial_bayou, serial_bayou_lake_a,
          serial_bayou_lagoon_b, serial_bayou_shore_b, serial_bayou_shore_a,
          portal_sewer_entry_c, uniq_duvessa
D:6:      layout_cave_pools, gammafunk_ghost_arena, lightli_minifort
D:7:      layout_basic, lightli_temple_of_fire, lemuel_blue_sif_altar,
          worldfamousw_hep_ancestral_shrine, minmay_temple_entry_junction
D:8:      layout_loops_ring, mainiacjoe_overflow_brackets,
          mainiacjoe_overflow_catch_the_wave, nemelex_diamond_rough_becter,
          uniq_maggie, uniq_erica, uniq_prince_ribbit1
Temple:   nicolae_temple_ecumenical_triangle

Skill      XL: |  1  2  3  4  5  6  7  8 |
---------------+-------------------------+-----
Spellcasting   | 3 4 5 6 |  6.4
Conjurations   | 5 6 7 |  7.6
Dodging        | 3 4 5 6 |  6.3
Stealth        | 2 3 4 |  4.2
Fighting       | |  0.7

Action                   |  1- 3 |  4- 6 |  7- 9 || total
-------------------------+-------+-------+-------++-------
Melee: Unarmed           |     2 |       |       ||     2
       Staff             |       |       |     3 ||     3
 Cast: Magic Dart        |    34 |    53 |    22 ||   109
       Searing Ray       |     1 |     7 |    28 ||    36
       Dazzling Flash    |       |       |     2 ||     2
  Use: Scroll            |       |     1 |     6 ||     7
       Potion            |       |       |     4 ||     4
 Stab: Sleeping          |       |       |     1 ||     1
Armor: Robe              |     4 |     2 |    21 ||    27
Dodge: Dodged            |    17 |    15 |    41 ||    73
Block: Other             |       |     4 |    28 ||    32
       Reflection        |       |       |     2 ||     2
